3L
BUFFALO WHITE WALKERS @ MONTANA PANDAS
07/27/2037
 
TOP OF THE 1ST
Buffalo White Walkers batting - Pitching for Montana Pandas : RHP John Kraan
Pitching: RHP John Kraan
Batting: LHB Jesús Lazcano 0-0: Ball
1-0: Foul Ball, location: 2F
1-1: Ground out 4-3 (Groundball, 4S, EV 73.8 MPH)
Batting: LHB Dread Roberts 0-0: Foul Ball, location: 2F
0-1: Ball
1-1: Ball
2-1: Ball
3-1: Foul Ball, location: 2F
3-2: Foul Ball, location: 2F
3-2: Base on Balls
Batting: SHB Je-myung Yu 0-0: Called Strike
0-1: Ball
Dread Roberts steals 2nd, throwing error, E2
Dread Roberts to third
1-1: Foul Ball, location: 2F
1-2: SINGLE (Line Drive, 56D, EV 98.1 MPH)
Dread Roberts scores
Batting: SHB Max Bortenschlager 0-0: Called Strike
0-1: Foul Ball, location: 2F
0-2: Ball
1-2: Ball
2-2: Foul Ball, location: 2F
2-2: Fly out, F7 (Flyball, 7D, EV 98.8 MPH)
Batting: LHB Gilberto Ocasio 0-0: Ball
1-0: 2-RUN HOME RUN (Flyball, 89XD, EV 99.4 MPH), Distance : 421 ft
Batting: RHB Daryl Yandell 0-0: Ball
1-0: Fly out, F7 (Flyball, 78D, EV 89.4 MPH)
Top of the 1st over - 3 runs, 2 hits, 1 error, 0 left on base; Buffalo 3 - Montana 0
BOTTOM OF THE 1ST
Montana Pandas batting - Pitching for Buffalo White Walkers : LHP Zhao-ji Qiu
Pitching: LHP Zhao-ji Qiu
Batting: RHB Dhyana Snigdha 0-0: Foul Ball, location: 2F
0-1: SINGLE (Flyball, 89S, EV 93.8 MPH)
Batting: RHB Cody Jaeckel 0-0: Ball
1-0: Ball
2-0: Called Strike
2-1: Fly out, F6 (Flyball, 56D, EV 74.4 MPH)
Batting: RHB Chrysler Rodriguez 0-0: Called Strike
0-1: Ball
Dhyana Snigdha is caught stealing 2nd base 2-4
1-1: Swinging Strike
1-2: Ball
2-2: Strikes out looking
Bottom of the 1st over - 0 runs, 1 hit, 0 errors, 0 left on base; Buffalo 3 - Montana 0
TOP OF THE 2ND
Buffalo White Walkers batting - Pitching for Montana Pandas : RHP John Kraan
Batting: LHB Jin-yong Myung 0-0: Ball
1-0: Called Strike
1-1: Foul Ball, location: 2F
1-2: SOLO HOME RUN (Flyball, 89XD, EV 111.2 MPH), Distance : 371 ft
Batting: RHB Tom Smythe 0-0: Swinging Strike
0-1: Ball
1-1: SINGLE (Groundball, 6MD, EV 103.8 MPH)
Batting: RHB Panas Pletnev 0-0: Called Strike
0-1: Ball
1-1: Ball
2-1: Ball
3-1: Called Strike
3-2: Foul Ball, location: 2F
3-2: SINGLE (Groundball, 6D, EV 104.4 MPH)
Tom Smythe to second
Runner from 2nd tries for 3rd, SAFE, throw by CF made to third
Batting: LHB Jesús Lazcano 0-0: Foul Ball, location: 2F
0-1: Ball
1-1: SINGLE (Groundball, 4MD, EV 95.6 MPH)
Tom Smythe scores
Panas Pletnev to second
Batting: LHB Dread Roberts 0-0: Ball
1-0: Fly out, F4 (Popup, 4MD, EV 73.1 MPH)
Batting: SHB Je-myung Yu 0-0: 3-RUN HOME RUN (Flyball, 89XD, EV 102.5 MPH), Distance : 411 ft
Pitching: LHP Brandon Franklin
Batting: SHB Max Bortenschlager 0-0: Called Strike
0-1: Foul Ball, location: 2F
0-2: Strikes out swinging
Batting: LHB Gilberto Ocasio 0-0: Ball
1-0: Ball
2-0: Called Strike
2-1: Foul Ball, location: 2F
2-2: Foul Ball, location: 2F
2-2: Ball
3-2: DOUBLE (Groundball, 5L, EV 100.6 MPH)
Batting: RHB Daryl Yandell 0-0: Ball
1-0: Ball
2-0: Called Strike
2-1: Swinging Strike
2-2: Strikes out swinging passed ball, reaches first!
Gilberto Ocasio to third
Batting: LHB Jin-yong Myung 0-0: Ball
1-0: Swinging Strike
1-1: Ball
2-1: Called Strike
2-2: Fly out, F8 (Flyball, 8LM, EV 95.0 MPH)
Top of the 2nd over - 5 runs, 6 hits, 0 errors, 2 left on base; Buffalo 8 - Montana 0
BOTTOM OF THE 2ND
Montana Pandas batting - Pitching for Buffalo White Walkers : LHP Zhao-ji Qiu
Batting: RHB Enrique Rocha 0-0: Swinging Strike
0-1: Ball
1-1: Ground out 4-3 (Groundball, 4, EV 86.9 MPH)
Batting: RHB Ray Walker 0-0: Foul Ball, location: 2F
0-1: Ball
1-1: Ball
2-1: Foul Ball, location: 2F
2-2: Foul Ball, location: 2F
2-2: Ball
3-2: Strikes out swinging
Batting: RHB Reg Spiers 0-0: Ball
1-0: Foul Ball, location: 2F
1-1: Called Strike
1-2: Strikes out swinging
Bottom of the 2nd over - 0 runs, 0 hits, 0 errors, 0 left on base; Buffalo 8 - Montana 0
TOP OF THE 3RD
Buffalo White Walkers batting - Pitching for Montana Pandas : LHP Brandon Franklin
Batting: RHB Tom Smythe 0-0: Ball
1-0: Ball
2-0: Called Strike
2-1: Ball
3-1: Foul Ball, location: 2F
3-2: Foul Ball, location: 2F
3-2: SINGLE (Groundball, 56D, EV 103.8 MPH)
Batting: RHB Panas Pletnev 0-0: Called Strike
0-1: Grounds into double play, 6-4-3 (Groundball, 6, EV 106.9 MPH)
Batting: LHB Jesús Lazcano 0-0: Called Strike
0-1: Called Strike
0-2: Ball
1-2: Ball
2-2: Ball
3-2: Fly out, F7 (Flyball, 78D, EV 97.5 MPH)
Top of the 3rd over - 0 runs, 1 hit, 0 errors, 0 left on base; Buffalo 8 - Montana 0
BOTTOM OF THE 3RD
Montana Pandas batting - Pitching for Buffalo White Walkers : LHP Zhao-ji Qiu
Batting: RHB Ryan French 0-0: Called Strike
0-1: Ball
1-1: Foul Ball, location: 2F
1-2: Foul Ball, location: 2F
1-2: Ground out 5-3 (Groundball, 56S, EV 85.6 MPH)
Batting: LHB Shahid Afridi 0-0: Ground out 4-3 (Groundball, 4, EV 82.5 MPH)
Batting: RHB Enrico Sánchez 0-0: SINGLE (Groundball, 56D, EV 105.6 MPH)
Batting: RHB Dhyana Snigdha 0-0: Called Strike
0-1: Ball
1-1: Ball
Wild Pitch!
Enrico Sánchez to second
2-1: Ground out 4-3 (Groundball, 4, EV 87.5 MPH)
Bottom of the 3rd over - 0 runs, 1 hit, 0 errors, 1 left on base; Buffalo 8 - Montana 0
TOP OF THE 4TH
Buffalo White Walkers batting - Pitching for Montana Pandas : LHP Brandon Franklin
Batting: LHB Dread Roberts 0-0: SINGLE (Line Drive, 78S, EV 102.5 MPH)
Batting: SHB Je-myung Yu 0-0: Foul Ball, location: 2F
0-1: SINGLE (Line Drive, 4MD, EV 96.9 MPH)
Dread Roberts to second
Batting: SHB Max Bortenschlager 0-0: Swinging Strike
0-1: Ball
1-1: Foul Ball, location: 2F
1-2: Ball
2-2: DOUBLE (Flyball, 89XD, EV 111.9 MPH)
Dread Roberts scores
Je-myung Yu to third
Batting: LHB Gilberto Ocasio 0-0: Ball
1-0: Fly out, F9 (Flyball, 9S, EV 89.4 MPH)
Batting: RHB Daryl Yandell 0-0: Ball
1-0: Ball
2-0: Ball
3-0: Called Strike
3-1: Base on Balls
Pitching: LHP Alejandro Amador
Batting: LHB Jin-yong Myung 0-0: Ball
1-0: GRAND SLAM HOME RUN (Flyball, 9D, EV 88.1 MPH), Distance : 374 ft
Batting: RHB Tom Smythe 0-0: Ball
1-0: Ball
2-0: Swinging Strike
2-1: Swinging Strike
2-2: Ball
3-2: Foul Ball, location: 2F
3-2: Foul Ball, location: 2F
3-2: Foul Ball, location: 2F
3-2: Strikes out swinging
Batting: RHB Panas Pletnev 0-0: Ball
1-0: Ball
2-0: Fly out, F9 (Line Drive, 9, EV 95.0 MPH)
Top of the 4th over - 5 runs, 4 hits, 0 errors, 0 left on base; Buffalo 13 - Montana 0
BOTTOM OF THE 4TH
Montana Pandas batting - Pitching for Buffalo White Walkers : LHP Zhao-ji Qiu
Batting: RHB Cody Jaeckel 0-0: Ball
1-0: Swinging Strike
1-1: SINGLE (Groundball, 6D, EV 100.6 MPH)
Batting: RHB Chrysler Rodriguez 0-0: Ball
1-0: Fielders Choice at 2nd, 6-4 (Groundball, 56, EV 99.4 MPH)
Batting: RHB Enrique Rocha 0-0: Called Strike
0-1: Ball
1-1: Called Strike
1-2: Foul Ball, location: 2F
1-2: Ball
2-2: Ball
3-2: Fly out, F7 (Flyball, 7D, EV 96.2 MPH)
Batting: RHB Ray Walker 0-0: Ball
1-0: Ball
2-0: Swinging Strike
2-1: Called Strike
2-2: Strikes out looking
Bottom of the 4th over - 0 runs, 1 hit, 0 errors, 1 left on base; Buffalo 13 - Montana 0
TOP OF THE 5TH
Buffalo White Walkers batting - Pitching for Montana Pandas : LHP Alejandro Amador
Batting: LHB Jesús Lazcano 0-0: Called Strike
0-1: Called Strike
0-2: Strikes out swinging
Batting: LHB Dread Roberts 0-0: DOUBLE (Line Drive, 9LS, EV 99.4 MPH) - OUT at third base trying to stretch hit.
Batting: SHB Je-myung Yu 0-0: Called Strike
0-1: Ball
1-1: Called Strike
1-2: Ball
2-2: Foul Ball, location: 2F
2-2: Foul Ball, location: 2F
2-2: Strikes out swinging
Top of the 5th over - 0 runs, 1 hit, 0 errors, 0 left on base; Buffalo 13 - Montana 0
BOTTOM OF THE 5TH
Montana Pandas batting - Pitching for Buffalo White Walkers : LHP Zhao-ji Qiu
Batting: RHB Reg Spiers 0-0: Called Strike
0-1: Ground out 4-3 (Groundball, 4MD, EV 106.2 MPH)
Batting: RHB Ryan French 0-0: Ball
1-0: Ball
2-0: Ball
3-0: Swinging Strike
3-1: Ground out 3-1 (Groundball, 34, EV 90.0 MPH)
Batting: LHB Shahid Afridi 0-0: Called Strike
0-1: SINGLE (Line Drive, 9S, EV 91.9 MPH)
Batting: RHB Enrico Sánchez 0-0: Ball
1-0: Called Strike
1-1: Ball
2-1: Swinging Strike
2-2: Fly out, F3 (Popup, 3L, EV 80.6 MPH)
Bottom of the 5th over - 0 runs, 1 hit, 0 errors, 1 left on base; Buffalo 13 - Montana 0
TOP OF THE 6TH
Buffalo White Walkers batting - Pitching for Montana Pandas : LHP Alejandro Amador
Batting: SHB Max Bortenschlager 0-0: Ball
1-0: Ball
2-0: Called Strike
2-1: Swinging Strike
2-2: Strikes out swinging
Batting: LHB Gilberto Ocasio 0-0: Called Strike
0-1: Fly out, F9 (Flyball, 9LD, EV 108.1 MPH)
Batting: RHB Daryl Yandell 0-0: Foul Ball, location: 2F
0-1: Foul Ball, location: 2F
0-2: Ball
1-2: Strikes out swinging
Top of the 6th over - 0 runs, 0 hits, 0 errors, 0 left on base; Buffalo 13 - Montana 0
BOTTOM OF THE 6TH
Montana Pandas batting - Pitching for Buffalo White Walkers : LHP Zhao-ji Qiu
Batting: RHB Dhyana Snigdha 0-0: Called Strike
0-1: Ball
1-1: Foul Ball, location: 2F
1-2: Strikes out swinging
Batting: RHB Cody Jaeckel 0-0: Called Strike
0-1: Ball
1-1: Ball
2-1: Fly out, F3 (Popup, 3S, EV 73.8 MPH)
Batting: RHB Chrysler Rodriguez 0-0: Called Strike
0-1: Swinging Strike
0-2: Ground out 4-3 (Groundball, 4, EV 81.9 MPH)
Bottom of the 6th over - 0 runs, 0 hits, 0 errors, 0 left on base; Buffalo 13 - Montana 0
TOP OF THE 7TH
Buffalo White Walkers batting - Pitching for Montana Pandas : LHP Alejandro Amador
Batting: LHB Jin-yong Myung 0-0: Ball
1-0: Ball
2-0: Ball
3-0: Base on Balls
Pitching: RHP Wally Copeland
Batting: RHB Tom Smythe 0-0: Called Strike
0-1: Ball
1-1: Foul Ball, location: 2F
1-2: Fielders Choice at 2nd, 4-6 (Groundball, 4, EV 79.4 MPH)
Batting: RHB Panas Pletnev 0-0: Fly out, F8 (Flyball, 8RD, EV 83.1 MPH)
Batting: LHB Jesús Lazcano 0-0: Swinging Strike
0-1: Called Strike
0-2: Ball
1-2: Foul Ball, location: 2F
1-2: Ball
2-2: Foul Ball, location: 2F
2-2: Ball
3-2: Base on Balls
Tom Smythe to second
Batting: LHB Dread Roberts 0-0: Called Strike
0-1: Ball
1-1: Swinging Strike
1-2: Fly out, F7 (Flyball, 78D, EV 99.4 MPH)
Top of the 7th over - 0 runs, 0 hits, 0 errors, 2 left on base; Buffalo 13 - Montana 0
BOTTOM OF THE 7TH
Montana Pandas batting - Pitching for Buffalo White Walkers : LHP Zhao-ji Qiu
Batting: RHB Enrique Rocha 0-0: Ball
1-0: Called Strike
1-1: Ball
2-1: Swinging Strike
2-2: Foul Ball, location: 2F
2-2: Foul Ball, location: 2F
2-2: Foul Ball, location: 2F
2-2: Fly out, F6 (Line Drive, 6, EV 71.9 MPH)
Batting: RHB Ray Walker 0-0: Ball
1-0: Ground out 4-3 (Groundball, 4, EV 91.9 MPH)
Batting: RHB Reg Spiers 0-0: Called Strike
0-1: Ball
1-1: Called Strike
1-2: Ground out 1-3 (Groundball, 13S, EV 63.8 MPH)
Bottom of the 7th over - 0 runs, 0 hits, 0 errors, 0 left on base; Buffalo 13 - Montana 0
TOP OF THE 8TH
Buffalo White Walkers batting - Pitching for Montana Pandas : RHP Wally Copeland
Batting: SHB Je-myung Yu 0-0: Ball
1-0: Ball
2-0: Ball
3-0: Called Strike
3-1: Swinging Strike
3-2: SOLO HOME RUN (Flyball, 7D, EV 102.5 MPH), Distance : 347 ft
Batting: SHB Max Bortenschlager 0-0: Fly out, F9 (Line Drive, 9D, EV 108.1 MPH)
Batting: LHB Gilberto Ocasio 0-0: Ball
1-0: SINGLE (Line Drive, 4MD, EV 98.8 MPH)
Batting: RHB Daryl Yandell 0-0: Foul Ball, location: 2F
0-1: Ball
1-1: Foul Ball, location: 2F
1-2: Ball
2-2: Fly out, F6 (Popup, 15, EV 70.6 MPH)
Batting: LHB Jin-yong Myung 0-0: Ball
Wild Pitch!
Gilberto Ocasio to second
1-0: Called Strike
1-1: Ball
2-1: Ball
3-1: Base on Balls
Batting: RHB Tom Smythe 0-0: Ball
1-0: Ground out U3 (Groundball, 34, EV 76.9 MPH)
Top of the 8th over - 1 run, 2 hits, 0 errors, 2 left on base; Buffalo 14 - Montana 0
BOTTOM OF THE 8TH
Montana Pandas batting - Pitching for Buffalo White Walkers : LHP Zhao-ji Qiu
Batting: RHB Ryan French 0-0: Ball
1-0: Foul Ball, location: 2F
1-1: Swinging Strike
1-2: Ground out 1-3 (Groundball, 13S, EV 61.9 MPH)
Batting: LHB Shahid Afridi 0-0: Called Strike
0-1: Ball
1-1: Ball
2-1: Fly out, F8 (Flyball, 8LD, EV 96.9 MPH)
Batting: RHB Enrico Sánchez 0-0: Called Strike
0-1: Swinging Strike
0-2: Foul Ball, location: 2F
0-2: Strikes out swinging
Bottom of the 8th over - 0 runs, 0 hits, 0 errors, 0 left on base; Buffalo 14 - Montana 0
TOP OF THE 9TH
Buffalo White Walkers batting - Pitching for Montana Pandas : RHP Wally Copeland
Pitching: RHP Garrett Harrington
Batting: RHB Panas Pletnev 0-0: Called Strike
0-1: Swinging Strike
0-2: Foul Ball, location: 2F
0-2: Ball
1-2: Foul Ball, location: 2F
1-2: Ball
2-2: Foul Ball, location: 2F
2-2: Ground out 6-3 (Groundball, 6, EV 83.8 MPH)
Batting: LHB Jesús Lazcano 0-0: Ball
1-0: Foul Ball, location: 2F
1-1: SINGLE (Line Drive, 34D, EV 99.4 MPH)
Batting: LHB Dread Roberts 0-0: Ground out 4-3 (Groundball, 4S, EV 67.5 MPH)
Jesús Lazcano to second
Batting: SHB Je-myung Yu 0-0: Ball
1-0: Ball
2-0: Ball
3-0: Called Strike
3-1: Called Strike
3-2: DOUBLE (Line Drive, 89D, EV 111.9 MPH)
Jesús Lazcano scores
Batting: SHB Max Bortenschlager 0-0: Called Strike
0-1: Called Strike
0-2: Ball
1-2: 2-RUN HOME RUN (Flyball, 89XD, EV 100.0 MPH), Distance : 370 ft
Batting: LHB Gilberto Ocasio 0-0: Ball
1-0: Ball
2-0: Fly out, F8 (Flyball, 8RD, EV 94.4 MPH)
Top of the 9th over - 3 runs, 3 hits, 0 errors, 0 left on base; Buffalo 17 - Montana 0
BOTTOM OF THE 9TH
Montana Pandas batting - Pitching for Buffalo White Walkers : LHP Zhao-ji Qiu
Pinch Hitting: SHB Goro Yokoyama 0-0: SINGLE (Groundball, 6D, EV 94.4 MPH)
Batting: RHB Cody Jaeckel 0-0: Fly out, F9 (Flyball, 9S, EV 87.5 MPH)
Batting: RHB Chrysler Rodriguez 0-0: Called Strike
0-1: Called Strike
0-2: Strikes out swinging
Batting: RHB Enrique Rocha 0-0: Fly out, F9 (Flyball, 9, EV 82.5 MPH)
Bottom of the 9th over - 0 runs, 1 hit, 0 errors, 1 left on base; Buffalo 17 - Montana 0
Thursday, January 23rd, 2020 - OOTP Baseball 20.8 Build 74